 Dungeon Crawl Stone Soup version 0.21-a0-104-g7b58145 (webtiles) character file.

658 grindst0ne the Skirmisher (level 7, -1/79 HPs)
             Began as an Ogre Hunter on July 5, 2017.
             Slain by a bullfrog (4 damage)
             ... in a sewer.
             The game lasted 00:13:54 (5530 turns).

grindst0ne the Skirmisher (Ogre Hunter)             Turns: 5530, Time: 00:13:55

Health: -1/79      AC:  3    Str: 18    XL:     7   Next: 55%
Magic:  0/7        EV: 12    Int: 13    God:
Gold:   151        SH:  0    Dex:  9    Spells: 6/6 levels left

rFire    . . .     SeeInvis .   h - +2 scythe (pain)
rCold    . . .     Gourm    .   (shield currently unavailable)
rNeg     . . .     Faith    .   b - +0 robe
rPois    .         Spirit   +   (helmet restricted)
rElec    .         Reflect  .   (no cloak)
rCorr    .         Harm     .   (gloves unavailable)
MR       .....                  (boots unavailable)
Stlth    ++........             o - amulet of guardian spirit
HPRegen  0.23/turn              i - +2 ring of evasion
MPRegen  0.10/turn              e - ring of stealth

@: very slightly contaminated
A: unfitting armour, tough skin 1
a: no special abilities


You were in a sewer.
You were not hungry.

You visited 1 branch of the dungeon, and saw 4 of its levels.
You also visited: Sewer.

You collected 151 gold pieces.

Inventory:

Hand Weapons
 a - a +0 short sword
 h - a +2 scythe of pain (weapon)
 p - a +0 whip
Armour
 b - a +0 robe (worn)
Jewellery
 e - a ring of stealth (right hand)
 i - a +2 ring of evasion (left hand)
 o - an amulet of guardian spirit (around neck)
Scrolls
 j - 7 scrolls of remove curse
 l - 2 scrolls of recharging
 m - 3 scrolls of immolation
 q - a scroll of teleportation
Potions
 t - 2 potions of magic
Comestibles
 f - a bread ration
 g - a chunk of flesh
 k - 4 fruits
 n - 2 meat rations
 r - a royal jelly


   Skills:
 + Level 7.7 Fighting
 + Level 7.0 Throwing
 - Level 1.7 Dodging
 - Level 0.6 Stealth


You had 6 spell levels left.
You didn't know any spells.

Dungeon Overview and Level Annotations

Branches:
Dungeon (4/15)
 Temple: D:4-7

Altars:
Ashenzari
Makhleb
Yredelemnul
Zin
The Shining One

Annotations:
D:1 exclusion: downstairs
D:2 exclusion: downstairs


Innate Abilities, Weirdness & Mutations

You are too large for most types of armour.
You have tough skin. (AC +1)


Message History

Blink to where?
Press: ? - help, Dir - move target cursor, p - bullfrog You are very lightly contaminated with residual magic.
As you read the scroll of blinking, it crumbles to dust.
You start resting.
Throwing (i - inventory):
d - a throwing net (quivered)
Press: ? - help, Shift-Dir - straight line, f - bullfrog
Aim: a bullfrog (severely wounded)
You throw a throwing net. The throwing net hits the bullfrog.
The bullfrog is caught in the net!
The bullfrog is severely wounded.
The bullfrog struggles against the net.
The bullfrog struggles against the net. x2
The net rips apart, and the bullfrog comes free!
You closely miss the bullfrog.
The bullfrog is severely wounded.
The bullfrog hits you.
* * * LOW HITPOINT WARNING * * *
The bullfrog hits you.
You die...

#≈≈≈≈≈≈≈≈≈≈≈≈≈≈≈.≈≈≈..∩.∩.#
#######.≈≈≈≈≈≈≈≈≈≈.########
#≈≈≈≈.########
#≈≈≈≈≈#####################
#≈≈≈≈≈≈.≈..................
#.≈≈≈≈≈≈≈≈≈≈≈≈≈≈≈≈≈≈≈≈≈≈≈≈≈
#.≈≈≈≈≈≈≈≈≈≈≈≈≈≈≈≈≈≈≈≈≈≈≈≈≈
#≈≈≈≈≈≈≈≈≈≈≈≈≈≈≈≈≈≈≈≈≈≈≈≈≈≈
#.≈≈≈≈≈≈..@F.....≈≈≈≈≈≈≈≈≈≈
#.≈≈≈≈#######≈≈≈≈≈≈≈≈≈≈≈≈≈≈
#.≈≈≈≈# #≈≈≈≈≈≈≈≈≈≈≈≈≈≈≈≈
#.≈≈≈.# ##≈≈≈≈≈≈≈≈≈≈≈.≈≈≈≈
#.≈≈≈.# #≈≈≈≈≈≈≈≈≈≈..≈≈≈≈≈
#.≈≈≈≈# #≈≈≈≈≈≈≈≈?.≈≈.≈≈≈≈
#.≈≈≈≈# #≈≈≈≈≈≈.(§(≈≈.≈≈≈≈
#.≈≈≈≈# #≈≈≈≈≈...)...≈≈.≈≈
#≈≈≈≈≈# #≈≈≈≈≈≈≈≈.≈≈...≈≈≈


You could see a bullfrog.

Vanquished Creatures
  Sigmund (D:2)
  The ghost of Ijustatesigmund the Skirmisher, an amateur OgHu (D:3)
  A bullfrog (Sewer)
  An orc priest (D:3)
  A hound (D:3)
  An orc wizard (D:3)
  An iguana (D:4)
  10 adders
  A river rat (D:4)
  2 oozes
  5 worms
  A dart slug (D:1)
  5 leopard geckos
  4 orcs (D:3)
  9 giant cockroaches
  5 goblins
  9 hobgoblins
  4 jackals (D:2)
  8 kobolds
  4 quokkas
  6 ball pythons
  6 bats
  10 frilled lizards
  11 rats
107 creatures vanquished.

Vanquished Creatures (others)
  A bat (D:3)
1 creature vanquished.

Grand Total: 108 creatures vanquished

Notes
Turn   | Place    | Note
-------+----------+-------------------------------------------
     0 | D:1      | grindst0ne the Ogre Hunter began the quest for the Orb.
     0 | D:1      | Reached XP level 1. HP: 22/22 MP: 1/1
   149 | D:1      | Reached XP level 2. HP: 27/31 MP: 2/2
   511 | D:2      | Reached XP level 3. HP: 10/39 MP: 3/3
  1066 | D:2      | Found a shattered altar of Ashenzari.
  1071 | D:2      | Found a basalt altar of Yredelemnul.
  1075 | D:2      | Found a glowing silver altar of Zin.
  1297 | D:2      | Reached XP level 4. HP: 20/48 MP: 4/4
  1476 | D:2      | Noticed Sigmund
  1477 | D:2      | Found a glowing golden altar of the Shining One.
  2055 | D:2      | Reached skill level 5 in Throwing
  3103 | D:2      | Killed Sigmund
  3103 | D:2      | Reached XP level 5. HP: 47/59 MP: 3/5
  3103 | D:2      | Reached XP level 6. HP: 54/67 MP: 3/6
  3307 | D:3      | Noticed Ijustatesigmund's ghost (amateur OgHu)
  3860 | D:3      | Killed Ijustatesigmund's ghost
  3860 | D:3      | Reached XP level 7. HP: 71/76 MP: 5/7
  4420 | D:3      | Found a burning altar of Makhleb.
  5090 | D:4      | Found a glowing drain.
  5094 | Sewer    | Entered a sewer
  5518 | Sewer    | HP: 3/79 [bullfrog (2)]
  5518 | Sewer    | HP: 1/79 [bullfrog (2)]
  5530 | Sewer    | HP: 3/79 [bullfrog (1)]
  5530 | Sewer    | Slain by a bullfrog

Vault maps used:
D:1:      lemuel_arrival_river_ford
D:2:      minmay_overflow_temple_star_quad, nicolae_tso_carved_into_rock,
          uniq_sigmund
D:3:      hangedman_decor_riveting, makhleb_blood_cavern_becter
D:4:      gup_sewer_entry_spiral, gup_ossuary_entry_pyramid
Sewer:    sewer_frog_island_01

Skill      XL: |  1  2  3  4  5  6  7 |
---------------+----------------------+-----
Fighting       | 3 4 6 7 |  7.7
Throwing       | 5 6 7 |  7.0
Dodging        | |  1.7
Stealth        | |  0.6

Action                   |  1- 3 |  4- 6 |  7- 9 || total
-------------------------+-------+-------+-------++-------
Melee: Short sword       |   107 |   101 |       ||   208
       Scythe            |       |    56 |   145 ||   201
Throw: Large rock        |    13 |    20 |    20 ||    53
       Throwing net      |       |       |     4 ||     4
  Use: Potion            |       |     3 |       ||     3
       Scroll            |       |       |     8 ||     8
 Stab: Sleeping          |       |     1 |     2 ||     3
       Distracted        |       |     1 |       ||     1
  Eat: Chunk             |     1 |     9 |     6 ||    16
Armor: Robe              |    37 |    64 |    46 ||   147
Dodge: Dodged            |    69 |   123 |   190 ||   382
